 Dungeon Crawl Stone Soup version 0.18-a0-1311-g779ca93 (webtiles) character file.

369 Duffy the Magician (level 6, -6/32 HPs)
             Began as a Deep Elf Conjurer on Feb 13, 2016.
             Killed from afar by Duffy's ghost (8 damage)
             ... with a magic dart
             ... on level 4 of the Dungeon.
             The game lasted 00:02:35 (1836 turns).

Duffy the Magician (Deep Elf Conjurer)              Turns: 1836, Time: 00:02:36

Health: -6/32      AC:  3    Str:  5    XL:     6   Next: 41%
Magic:  3/17       EV: 13    Int: 22    God:
Gold:   87         SH:  0    Dex: 15    Spells: 4 memorised, 7 levels left

rFire  . . .     SeeInvis .     (no weapon)
rCold  . . .     Gourm    .     a - +0 robe
rNeg   + . .     Faith    .     (no shield)
rPois  .         Spirit   .     (no helmet)
rElec  .         Dismiss  .     k - +0 cloak (curse)
rCorr  .         Reflect  .     (no gloves)
SustAt .         Harm     .     (no boots)
MR     .....                    (no amulet)
Stlth  ++........               (no ring)
                                h - ring of positive energy

@: not resistant to hostile enchantments, unstealthy
A: no striking features
a: no special abilities


You were on level 4 of the Dungeon.
You were not hungry.

You visited 1 branch of the dungeon, and saw 4 of its levels.

You collected 87 gold pieces.


   Skills:
 - Level 2.4 Dodging
 - Level 2.4 Stealth
 + Level 6.8 Spellcasting
 + Level 6.7 Conjurations


You had 7 spell levels left.
You knew the following spells:

 Your Spells              Type           Power        Failure   Level  Hunger
a - Magic Dart            Conj           ####         1%          1    None
c - Iskenderun's Mystic   Conj           #####...     8%          4    ###....
n - Fulminant Prism       Conj/Hex       ###.......   21%         4    ###....
s - Searing Ray           Conj           #####.       1%          2    None

Inventory:

Armour
 a - a +0 robe (worn)
 k - a cursed +0 cloak (worn)
Jewellery
 h - a ring of positive energy (left hand)
Scrolls
 d - 2 scrolls of fog {unknown}
 e - a scroll of blinking {unknown}
 g - 2 scrolls of remove curse {unknown}
 n - a scroll of recharging {unknown}
Potions
 f - a potion of curing {unknown}
 i - a potion of degeneration {unknown}
 l - a potion of lignification {unknown}
Books
 b - a book of Conjurations
Comestibles
 c - a bread ration
 j - 3 chunks of flesh
 m - a slice of pizza

Dungeon Overview and Level Annotations

Branches:
Dungeon (4/15)
 Temple: D:4-7

Altars:

Annotations:
D:4 Duffy's ghost, amateur NaCj


Message History

The searing ray misses Duffy's ghost.
The searing ray hits Duffy's ghost.
Duffy's ghost is heavily damaged.
The searing ray misses Duffy's ghost.
Cast which spell? (? or * to list)
Aiming: Searing Ray
Press: ? - help, Shift-Dir - straight line, f/p - Duffy's ghost
Aim: Duffy's ghost (heavily damaged)
The searing ray hits Duffy's ghost.
Duffy's ghost is heavily damaged.
The searing ray misses Duffy's ghost.
Duffy's ghost gestures at you while chanting.
The magic dart hits you!
The searing ray hits Duffy's ghost.
Duffy's ghost is heavily damaged.
Duffy's ghost gestures at you while chanting.
The magic dart hits you!
The searing ray hits Duffy's ghost.
Duffy's ghost is almost destroyed.
Duffy's ghost screams, "Zot is a myth, the ORB is a fable, you'll soon be a tale!"
Duffy's ghost hits you but does no damage.
Duffy's ghost points at you and mumbles some strange words.
The magic dart hits you!
Duffy's ghost gestures at you while chanting.
The magic dart hits you!
Duffy's ghost gestures at you while chanting.
The magic dart hits you!
An orc comes into view.
Found a scroll labeled ALOILOE KIOR.
An orc comes into view. It is wielding a flail.
The orc shouts!
An orc and an orc wizard come into view.
Duffy's ghost casts a spell at you. The magic dart hits you!
You die...

.. #####..### ...
........##
...##......#.##
.......#.....###
#.........#....
###........#..###
#..W.#.......####
#####...#...........#
##...@.#......#...%.))
#..###.#.##..[..######
#.o##.....##......#
#..###........####..#
?.......$.....######.#
...o.....................
..o.o###.......#######.##
.#.. #...(.......... .
#.. ...#............ .


You could see Duffy's ghost.

Action                   |  1- 3 |  4- 6 || total
-------------------------+-------+-------++-------
 Cast: Magic Dart        |    80 |    21 ||   101
       Searing Ray       |     2 |    10 ||    12
  Eat: Chunk             |       |     3 ||     3

Notes
Turn   | Place    | Note
--------------------------------------------------------------
     0 | D:1      | Duffy the Deep Elf Conjurer began the quest for the Orb.
     0 | D:1      | Reached XP level 1. HP: 10/10 MP: 6/6
   228 | D:1      | Reached XP level 2. HP: 15/15 MP: 0/8
   329 | D:1      | Learned a level 2 spell: Searing Ray
   396 | D:1      | Reached skill level 4 in Spellcasting
   513 | D:1      | Reached XP level 3. HP: 19/19 MP: 7/10
   722 | D:3      | Reached skill level 5 in Conjurations
  1077 | D:3      | Noticed a centaur
  1104 | D:3      | Reached XP level 4. HP: 24/24 MP: 6/12
  1163 | D:3      | Learned a level 4 spell: Iskenderun's Mystic Blast
  1168 | D:3      | Learned a level 4 spell: Fulminant Prism
  1222 | D:3      | Noticed a giant frog
  1241 | D:3      | Killed a centaur
  1241 | D:3      | Reached skill level 5 in Spellcasting
  1241 | D:3      | Reached XP level 5. HP: 9/28 MP: 5/15
  1422 | D:3      | Reached skill level 6 in Spellcasting
  1422 | D:3      | Reached skill level 6 in Conjurations
  1578 | D:4      | Noticed an ogre
  1585 | D:4      | Killed an ogre
  1585 | D:4      | Reached XP level 6. HP: 32/32 MP: 9/17
  1805 | D:4      | Noticed Duffy's ghost (amateur NaCj)
  1836 | D:4      | Killed from afar by Duffy's ghost

Vault maps used:
D:1:      saegor_arrival_simple_e
D:2:      grunt_decor_fettered
D:4:      grunt_temple_overflow_opulence, first_bread, uniq_pikel, uniq_edmund

Vanquished Creatures
  An ogre
  A centaur
  A giant frog
  2 orc priests
  An adder
  A gnoll
  2 oozes
  2 worms
  A giant gecko
  5 orcs
  6 giant cockroaches
  6 goblins
  5 hobgoblins
  A quokka
  6 bats
  3 kobolds
  8 rats
52 creatures vanquished.
